 Dungeon Crawl Stone Soup version 0.29.1-13-g9f3cf754e1 (webtiles) character file.

Game seed: 16138858646982633634

45 concernfroge the Ducker (level 3, -1/15 HPs)
             Began as a Felid Transmuter on Jan 25, 2023.
             Slain by a kobold brigand
             ... wielding a +0 short sword
              (3 damage)
             ... in a sewer.
             The game lasted 00:04:10 (1334 turns).

concernfroge the Ducker (Felid Transmuter)          Turns: 1334, Time: 00:04:15

Health: -1/15      AC:  1    Str:  6    XL:     3   Next: 42%
Magic:  4/7        EV: 19    Int: 14    God:
Gold:   76         SH:  0    Dex: 18    Spells: 3/6 levels left
                                        Lives:  0   Deaths: 0

rFire   . . .      SeeInvis +     - Unarmed
rCold   . . .      Faith    .   (shield unavailable)
rNeg    . . .      Spirit   .   (body armour unavailable)
rPois   .          Reflect  .   (helmet unavailable)
rElec   .          Harm     .   (cloak unavailable)
rCorr   .          Rampage  .   (gloves unavailable)
Will    .....                   (boots unavailable)
Stlth   ++........              (no amulet)
HPRegen 0.05/turn               (no ring)
MPRegen 0.10/turn               (no ring)

@: quick
A: very small, claws 1, fangs 3, see invisible, speed 1, shaggy fur 1, stealthy
paws, no weapons or thrown items, no armour, multi-lived
a: no special abilities


You were in a sewer.
You visited 1 branch of the dungeon, and saw 3 of its levels.
You also visited: Sewer.

You collected 76 gold pieces.

Inventory:

Scrolls
 b - a scroll of brand weapon {unknown}
 c - a scroll of teleportation {unknown}
 d - a scroll of enchant armour {unknown}
 e - a scroll of enchant weapon {unknown}
 f - a scroll of identify {unknown}
Potions
 a - 2 potions of lignification
 h - 2 potions of invisibility {unknown}


   Skills:
 - Level 1.0 Fighting
 + Level 4.1 Dodging
 + Level 3.8 Unarmed Combat
 - Level 2.0 Spellcasting
 - Level 2.1 Transmutations


You had 3 spell levels left.
You knew the following spells:

 Your Spells              Type           Power      Damage    Failure   Level
a - Beastly Appendage     Tmut           14%        N/A       10%         1
b - Wereblood             Tmut           7%         N/A       14%         2

Your spell library contained the following spells:

 Spells                   Type           Power      Damage    Failure   Level
 Spider Form              Tmut/Pois      4%         N/A       41%         3
 Ice Form                 Ice/Tmut       4%         N/A       83%         4


Dungeon Overview and Level Annotations

Branches:
Dungeon (3/15)              Sewer (1/1)

Altars:

Annotations:
D:2 Natasha


Innate Abilities, Weirdness & Mutations

You have sharp claws.
You have razor-sharp teeth.
You have supernaturally acute eyesight. (SInv)
You cover ground quickly. (Speed+)
You are covered in fur. (AC +1)
Your paws help you pounce on unaware monsters.
You are incapable of wielding weapons or throwing items.
You cannot wear armour.
You gain extra lives every three experience levels.


Message History

Confirm with . or Enter, or press ? or * to list all spells.
You miscast Wereblood.
You are very lightly contaminated with residual magic.
Nothing appears to happen.
Casting: Wereblood (safe; 14% risk of failure)
Confirm with . or Enter, or press ? or * to list all spells.
Your blood is infused with primal strength.
The rat completely misses you.
You scratch the rat but do no damage. Your bite misses the rat.
The rat closely misses you.
You scratch the rat but do no damage. The rat completely misses you.
You scratch the rat.
You kill the rat!
You open the large door.
A kobold brigand and a kobold come into view.
The kobold brigand is wielding a +0 short sword and quivering poisoned darts.
Found a lumpy sapphire potion and a scroll labelled ZIGIEJ JUOTO.
Found a gate leading back out of this place.
You scratch the kobold brigand.
The kobold brigand is lightly wounded.
The kobold shouts!
The kobold brigand hits you with a +0 short sword.
You scratch the kobold brigand.
The kobold brigand is moderately wounded.
The kobold brigand hits you with a +0 short sword!
Ouch! That really hurt!
* * * LOW HITPOINT WARNING * * *
Really quaff the potion of lignification?
You turn into a tree.
Your roots penetrate the ground.
You creak as the wereblood boils in your veins!
The kobold brigand hits you but does no damage.
The kobold barely misses you.
Your magical contamination has completely faded away.
It was a potion of cancellation.
Your magical effects are unravelling.
You feel magically purged.
You creak as the wereblood boils in your veins!
You feel less wooden.
Your primal bloodlust has ended.
The kobold brigand hits you with a +0 short sword.
You die...

#......#~≈~~~
#......#~≈~~
#......#~≈~#
#....~~#~~~#
#...~~#~≈~#
##...P~~~≈~#
#....~~~~≈~#
###...~#~≈~#
#..@.#~≈~#
##KK##~~~#
#!...#†≈~#
#....#~≈~#
#..∩.#~≈~#
#?...#~≈~#
######~≈~#
#...'~~~#
#∩∩.#~≈~#


You could see a kobold brigand and a kobold.

Vanquished Creatures
  An adder (Sewer)
  2 worms (D:3)
  2 ball pythons
  2 bats (D:1)
  4 endoplasms
  2 giant cockroaches
  2 hobgoblins
  2 quokkas
  A frilled lizard (D:1)
  5 goblins
  A kobold (D:3)
  4 rats
28 creatures vanquished.

Notes
Turn   | Place    | Note
-------+----------+-------------------------------------------
     0 | D:1      | concernfroge the Felid Transmuter began the quest for the
                  | Orb.
     0 | D:1      | Reached XP level 1. HP: 9/9 MP: 4/4
     3 | D:1      | Noticed a minotaur skeleton
    15 | D:1      | Noticed a minotaur skeleton
   104 | D:1      | Reached skill level 3 in Dodging
   483 | D:1      | Reached XP level 2. HP: 12/12 MP: 6/6
   486 | D:1      | Learned a level 2 spell: Wereblood
  1010 | D:2      | Noticed Natasha
  1093 | D:2      | Found a faded altar of an unknown god.
  1153 | D:3      | Reached XP level 3. HP: 15/15 MP: 2/7
  1154 | D:3      | Found a glowing drain.
  1168 | Sewer    | Entered a sewer
  1231 | Sewer    | Reached skill level 4 in Dodging
  1330 | Sewer    | Noticed a kobold brigand
  1334 | Sewer    | Slain by a kobold brigand

Illustrated notes

Levels and vault maps discovered:
D:1:      shiori_arrival_whats_in_store_for_you, layout_rooms
D:2:      layout_basic, ebering_ecumenical_altar_abandoned, uniq_natasha
D:3:      layout_loops_cross, grunt_gozag_breadcrumbs, dancing_weapons_uskayaw,
          portal_sewer_entry_a
Sewer:    kennysheep_pipe_town

Skill      XL: |  1  2  3 |
---------------+----------+-----
Dodging        | 3 4 |  4.1
Fighting       | |  1.0
Unarmed Combat | |  3.8
Spellcasting   | |  2.0
Transmutations | |  2.1

Action                   || total
-------------------------++-------
Melee: Unarmed           ||    75
       Punch             ||     4
       Bite              ||     5
       Headbutt          ||     5
 Cast: Beastly Appendage ||     3
       Wereblood         ||     2
  Use: Potion            ||     2
Armor: Skin              ||     4
Dodge: Dodged            ||    57
